 Dungeon Crawl Stone Soup version 0.25-a0-667-gb977e01cb5 (webtiles) character file.

Game seed: 920179873645605847, levelgen mode: deterministic

15246 jt the Cleaver (level 12, -13/68 HPs)
             Began as a Kobold Berserker on Mar 27, 2020.
             Was an Elder of Trog.
             Hit by a large rock thrown by a cyclops (22 damage)
             ... on level 11 of the Dungeon.
             The game lasted 00:35:37 (11611 turns).

jt the Cleaver (Kobold Berserker)                  Turns: 11611, Time: 00:35:38

Health: -13/68     AC: 16    Str: 19    XL:     12   Next: 55%
Magic:  0/15       EV: 14    Int: 10    God:    Trog [****..]
Gold:   657        SH:  7    Dex: 19    Spells: 11/11 levels left

rFire    . . .     SeeInvis +   O - +7 hand axe "Liahiwk" {vorpal, Dex+4}
rCold    . . .     Gourm    .   m - +0 buckler
rNeg     + . .     Faith    .   x - +0 swamp dragon scales
rPois    +         Spirit   +   r - +2 hat {SInv}
rElec    .         Reflect  .   H - +2 cloak
rCorr    +         Harm     .   t - +1 pair of gloves
MR       .....     Clarity  +   p - +0 pair of boots
Stlth    +.........             z - amulet of guardian spirit
HPRegen  0.21/turn              s - ring of positive energy
MPRegen  0.14/turn              e - ring of resist corrosion

@: lethally poisoned (-13 -> -17)
A: small, carnivore, clarity, clever 1
a: Berserk, Trog's Hand, Brothers in Arms, Renounce Religion


You were on level 11 of the Dungeon.
You worshipped Trog.
Trog was greatly pleased with you.
You were completely stuffed.

You visited 1 branch of the dungeon, and saw 11 of its levels.

You collected 657 gold pieces.

Inventory:

Hand Weapons
 a - a +0 hand axe
 b - a +3 hunting sling of freezing
 i - a +6 trident of draining
 n - a +1 broad axe of draining
 A - a +2 whip of flaming
 G - a +0 shortbow
 I - a +2 whip of electrocution
 M - a +2 broad axe of electrocution
 N - the +9 hand crossbow "Glorpo" {freeze, rF+ Dex-3 SInv}
   (You found it on level 9 of the Dungeon)

   It causes projectiles fired from it to freeze those they strike, causing
   extra injury to most foes and up to half again as much damage against
   particularly susceptible opponents.
   They can also slow down cold-blooded creatures.
   It affects your dexterity (-3).
   It protects you from fire.
   It lets you see invisible.
 O - the +7 hand axe "Liahiwk" (weapon) {vorpal, Dex+4}
   (Trog gifted it to you on level 10 of the Dungeon)

   It inflicts extra damage upon your enemies.
   It affects your dexterity (+4).
Missiles
 d - 261 stones
 k - 83 arrows
 B - 85 sling bullets
 D - 82 bolts
 E - 2 throwing nets
 F - 41 poisoned darts
 S - 19 boomerangs (quivered)
Armour
 m - a +0 buckler (worn)
 p - a +0 pair of boots (worn)
 r - a +2 hat of see invisible (worn)
 t - a +1 pair of gloves (worn)
 x - +0 swamp dragon scales (worn)
 H - a +2 cloak (worn)
 K - a +0 plate armour
 L - the +2 ring mail "Semog" {rF+++ Str-3 Dex+4}
   (You found it on level 9 of the Dungeon)

   It affects your strength (-3).
   It affects your dexterity (+4).
   It renders you almost immune to fire.
Jewellery
 e - a ring of resist corrosion (right hand)
 q - an uncursed amulet of faith
 s - a ring of positive energy (left hand)
 v - an uncursed ring of stealth
 z - an amulet of guardian spirit (around neck)
 V - the ring "Gorydaf" {*Contam *Corrode +Fly Str+4 Int+9}
   (You found it on level 11 of the Dungeon)

   [ring of flight]

   It affects your strength (+4).
   It affects your intelligence (+9).
   It lets you fly.
   It causes magical contamination when unequipped.
   It may corrode you when you take damage.
Wands
 C - a wand of disintegration (9)
Scrolls
 h - 6 scrolls of remove curse
 l - 10 scrolls of teleportation
 u - 3 scrolls of identify
 y - a scroll of noise {unknown}
 T - a scroll of acquirement {unknown}
Potions
 f - 2 potions of brilliance
 g - 5 potions of might
 j - 3 potions of invisibility
 o - 2 potions of flight
 w - 4 potions of curing
 J - 2 potions of resistance
 P - a potion of lignification
 Q - 2 potions of heal wounds
 U - a potion of berserk rage
Comestibles
 c - 18 rations


   Skills:
 + Level 5.3 Fighting
 - Level 14.0 Axes
 + Level 3.5 Armour
 - Level 2.4 Dodging
 - Level 5.7 Shields
 + Level 4.3 Evocations


You had 11 spell levels left.
You didn't know any spells.
Your spell library was empty.

Dungeon Overview and Level Annotations

Branches:
Dungeon (11/15)            Temple (0/1) D:5            Lair (0/6) D:11
    Orc: D:9-12

Altars:
Ashenzari
Cheibriados
Hepliaklqana
Sif Muna
Yredelemnul
The Shining One

Shops:
D:10 =

Annotations:
D:4 Sigmund
D:8 1 runed translucent door, kae's ghost, novice TeAE


Innate Abilities, Weirdness & Mutations

You are small and have problems with some larger weapons.
You are carnivorous and can eat meat at any time.
You possess an exceptional clarity of mind.
Your mind is acute. (Int +2)


Message History

The soldier ant is lightly wounded.
The soldier ant stings you but does no damage.
You hit the soldier ant but do no damage.
The soldier ant is lightly wounded.
You feel sick.
You feel sick.
You hit the soldier ant.
The soldier ant is moderately wounded.
You feel sick. The soldier ant misses you.
A cyclops comes into view.
You feel sick.
The cyclops shouts!
You feel sick.
A worker ant comes into view.
You feel sick.
The cyclops throws a large rock.
The large rock hits you!
* * * LOW HITPOINT WARNING * * *
You see here a large rock.
You feel sick.
The cyclops throws a large rock.
The large rock hits you!!
You die...

##.#.#########.######
.....#.......#.#...##
#...#...#...#†#...#
#...#.:#.#..÷.#...##
#...#.......'.....##
##..#.[#.#..'.....##
#..#...#...#.....##
#..#.......#.....##
#.@#########.....##
##.a..........#.###
#..a.........#....
###............#....
#.C............#....
#.##.####a##....#....
#. ##.####.##...#....
# #...a#a†#..##.###
#a†##...#.....


You could see a cyclops, 3 soldier ants and a worker ant.

Vanquished Creatures
  Gastronok (D:8)
  The ghost of Ge0ff the Grappler, a journeyman DrCK of Xom (D:11)
  A two-headed ogre (D:8)
  A queen ant (D:11)
  An unseen horror (D:11)
  A glowing orange brain (shapeshifter) (D:11)
  Pikel (D:8)
  2 ugly things
  Maurice (D:8)
  Joseph (D:8)
  A gargoyle (D:10)
  Maggie (D:6)
  A troll (D:11)
  Grinder (D:6)
  Prince Ribbit (D:9)
  4 hippogriffs
  A spriggan (D:9)
  The ghost of kae the Conjurer, an amateur TeAE (D:5)
  A wyvern (D:11)
  A hungry ghost (D:9)
  Menkaure (D:5)
  An acid dragon (D:11)
  3 soldier ants
  4 orc warriors
  A sky beast (D:11)
  A phantom (D:8)
  7 ice beasts
  2 black bears
  2 slaves
  An eye of draining (D:11)
  4 ogres
  A centaur (D:5)
  A big kobold (D:11)
  A crocodile (D:9)
  Blork the orc (D:6)
  The ghost of kae the Gusty, an amateur TeAE (D:3)
  8 bullfrogs
  2 wyvern zombies
  A gnoll sergeant (D:9)
  A wyvern skeleton (D:10)
  2 scorpions (D:6)
  4 wights (D:7)
  13 killer bees
  A howler monkey (D:6)
  8 crimson imps
  A bullfrog zombie (D:8)
  A centaur zombie (D:9)
  2 centaur skeletons
  6 hounds
  3 orc wizards
  2 jellies
  A bullfrog skeleton (D:11)
  3 orc priests
  An iguana (D:6)
  17 worker ants
  A killer bee zombie (D:10)
  4 hound zombies
  2 worker ant zombies
  17 gnolls
  14 adders
  A shadow imp (D:5)
  An ooze (D:2)
  2 adder skeletons
  An adder zombie (D:6)
  3 worms
  4 dart slugs
  7 leopard geckos
  24 orcs
  A ball python (D:3)
  6 bats
  6 giant cockroaches
  10 goblins
  10 hobgoblins
  2 jackals (D:8)
  A quokka (D:8)
  11 frilled lizards
  A jackal skeleton (D:6)
  11 kobolds
  A quokka skeleton (D:4)
  2 quokka zombies (D:7)
  9 rats
285 creatures vanquished.

Vanquished Creatures (collateral kills)
  Psyche (D:11)
  A vampire (D:11)
  An orc warrior (D:11)
  A crimson imp (D:11)
  2 orcs (D:11)
6 creatures vanquished.

Vanquished Creatures (others)
  A slave (D:8)
1 creature vanquished.

Grand Total: 292 creatures vanquished

Notes
Turn   | Place    | Note
-------+----------+-------------------------------------------
     0 | D:1      | jt the Kobold Berserker began the quest for the Orb.
     0 | D:1      | Reached XP level 1. HP: 14/14 MP: 1/1
   241 | D:1      | Reached XP level 2. HP: 19/19 MP: 2/2
   253 | D:1      | Reached skill level 3 in Axes
   355 | D:1      | Reached XP level 3. HP: 23/23 MP: 3/3
   394 | D:1      | Reached ** piety under Trog
   979 | D:2      | Reached XP level 4. HP: 28/28 MP: 4/4
   981 | D:2      | Reached skill level 1 in Shields
  1403 | D:2      | Found a shattered altar of Ashenzari.
  1514 | D:2      | Reached skill level 4 in Axes
  1514 | D:2      | Reached XP level 5. HP: 28/32 MP: 5/5
  1873 | D:2      | Found a basalt altar of Yredelemnul.
  2129 | D:2      | Found a snail-covered altar of Cheibriados.
  2568 | D:3      | Reached *** piety under Trog
  2585 | D:3      | Found a runed translucent gate.
  2585 | D:3      | Found a runed translucent gate.
  2585 | D:3      | Found a runed translucent gate.
  2585 | D:3      | Noticed kae's ghost (amateur TeAE)
  3085 | D:3      | Killed kae's ghost
  3085 | D:3      | Reached XP level 6. HP: 37/37 MP: 4/6
  3820 | D:4      | Found a shimmering blue altar of Sif Muna.
  3820 | D:4      | Found a hazy altar of Hepliaklqana.
  4009 | D:4      | Noticed Sigmund
  4136 | D:5      | Entered Level 5 of the Dungeon
  4355 | D:5      | Reached XP level 7. HP: 41/41 MP: 7/7
  4539 | D:5      | Reached skill level 5 in Axes
  4552 | D:5      | Found a staircase to the Ecumenical Temple.
  4582 | D:5      | Noticed Menkaure
  4592 | D:5      | Killed Menkaure
  4908 | D:5      | Found a runed translucent door.
  4908 | D:5      | Noticed kae's ghost (amateur TeAE)
  5509 | D:6      | Reached XP level 8. HP: 44/46 MP: 8/8
  5693 | D:6      | Reached skill level 6 in Axes
  5694 | D:6      | Noticed Maggie
  5695 | D:6      | Noticed Blork the orc
  5702 | D:6      | Noticed Grinder
  5710 | D:6      | Reached **** piety under Trog
  5711 | D:6      | Reached skill level 5 in Shields
  5719 | D:6      | Killed Grinder
  5719 | D:6      | Reached XP level 9. HP: 14/51 MP: 1/9
  5968 | D:6      | Reached skill level 7 in Axes
  5974 | D:6      | Killed Blork the orc
  5986 | D:6      | Killed Maggie
  5986 | D:6      | Reached skill level 8 in Axes
  6198 | D:5      | Killed kae's ghost
  6782 | D:7      | Reached skill level 9 in Axes
  6848 | D:7      | Gained mutation: You are clumsy. (Dex -2) [potion of
                  | mutation]
  6848 | D:7      | Gained mutation: Your mind is acute. (Int +2) [potion of
                  | mutation]
  6848 | D:7      | Lost mutation: You are clumsy. (Dex -2) [potion of
                  | mutation]
  6848 | D:7      | Gained mutation: You possess an exceptional clarity of
                  | mind. [potion of mutation]
  6935 | D:7      | Reached XP level 10. HP: 31/56 MP: 8/10
  7318 | D:7      | Reached skill level 10 in Axes
  7528 | D:8      | Noticed Joseph
  7582 | D:8      | Noticed a two-headed ogre
  7599 | D:8      | Killed a two-headed ogre
  7735 | D:8      | Reached skill level 11 in Axes
  7748 | D:8      | Killed Joseph
  7938 | D:8      | Noticed Gastronok
  7949 | D:8      | Killed Gastronok
  7949 | D:8      | Reached skill level 12 in Axes
  7949 | D:8      | Reached XP level 11. HP: 31/60 MP: 3/11
  8198 | D:8      | Noticed Pikel
  8205 | D:8      | Noticed Maurice
  8238 | D:8      | Killed Pikel
  8277 | D:8      | Killed Maurice
  8393 | D:8      | Found a runed translucent door.
  8393 | D:8      | Noticed kae's ghost (novice TeAE)
  8902 | D:9      | Noticed Prince Ribbit
  8925 | D:9      | Killed Prince Ribbit
  8925 | D:9      | Reached skill level 13 in Axes
  9183 | D:9      | Got a polished ring mail
  9184 | D:9      | Identified the +2 ring mail "Semog" {rF+++ Str-3 Dex+4}
                  | (You found it on level 9 of the Dungeon)
  9475 | D:9      | Found a glowing golden altar of the Shining One.
  9583 | D:9      | Got a blackened hand crossbow
  9584 | D:9      | Identified the +9 hand crossbow "Glorpo" {freeze, rF+ Dex-3
                  | SInv} (You found it on level 9 of the Dungeon)
  9622 | D:10     | Entered Level 10 of the Dungeon
  9630 | D:10     | Reached ***** piety under Trog
  9630 | D:10     | Received a gift from Trog
  9631 | D:10     | Got a polished hand axe {god gift}
  9632 | D:10     | Identified the +7 hand axe "Liahiwk" {vorpal, Dex+4} (Trog
                  | gifted it to you on level 10 of the Dungeon)
  9893 | D:10     | Noticed a purple ugly thing
  9906 | D:10     | Killed a purple ugly thing
 10018 | D:10     | Found Dustrid's Jewellery Emporium.
 10094 | D:10     | Identified the Incunabulum of the Blaze
 10630 | D:11     | Found a staircase to the Lair.
 10769 | D:11     | Reached XP level 12. HP: 29/64 MP: 5/12
 11129 | D:11     | Reached skill level 14 in Axes
 11271 | D:11     | Noticed Psyche
 11274 | D:11     | Killed Psyche
 11274 | D:11     | Reached skill level 1 in Evocations
 11305 | D:11     | Found a runed translucent gate.
 11305 | D:11     | Found a runed translucent gate.
 11305 | D:11     | Found a runed translucent gate.
 11308 | D:11     | Noticed Ge0ff's ghost (journeyman DrCK)
 11310 | D:11     | Noticed a shock serpent
 11310 | D:11     | a snapping turtle changed into a shock serpent
 11317 | D:11     | Noticed a two-headed ogre
 11317 | D:11     | a shock serpent changed into a two-headed ogre
 11324 | D:11     | Noticed a glowing orange brain
 11324 | D:11     | a two-headed ogre changed into a glowing orange brain
 11329 | D:11     | Killed a glowing orange brain
 11343 | D:11     | Killed Ge0ff's ghost
 11413 | D:11     | Got a crude brass ring
 11414 | D:11     | Identified the ring "Gorydaf" {*Contam *Corrode +Fly Str+4
                  | Int+9} (You found it on level 11 of the Dungeon)
 11426 | D:11     | Noticed an unseen horror
 11439 | D:11     | Killed an unseen horror
 11524 | D:11     | Reached skill level 5 in Fighting
 11534 | D:11     | Noticed a queen ant
 11594 | D:11     | Killed a queen ant
 11611 | D:11     | Hit by a large rock thrown by a cyclops

Levels and vault maps discovered:
D:1:      sevenhm_arrival_forest_fort_large_4, layout_basic
D:2:      layout_loops_corners, marbit_many_paths, lemuel_round_altar,
          nicolae_overflow_hidden_temple
D:3:      layout_rooms, ebering_ghost_rock_garden, hex_medium
D:4:      layout_rooms, gammafunk_temple_overflow_wave, sigmund_army
D:5:      layout_loops_corners, temple_hall, first_ration,
          hellmonk_ghost_happy_afterlife, uniq_menkaure
D:6:      layout_gridville, uniq_grinder, uniq_blork_the_orc, uniq_maggie
D:7:      layout_cave_pools
D:8:      layout_rooms, gammafunk_ghost_grave, uniq_gastronok, uniq_pikel,
          uniq_maurice, uniq_joseph
D:9:      layout_roguey, nicolae_overflow_crystal_walls, serial_glass,
          glass_columns_b, glass_columns_b, the_bakery, uniq_prince_ribbit1
D:10:     layout_layer_cave, serial_shops, nicolae_shop_crystal
D:11:     layout_basic, lair_entry_dummy, gammafunk_ghost_split,
          minmay_another_anthill, uniq_psyche

Skill      XL: |  1  2  3  4  5  6  7  8  9 10 11 12 |
---------------+-------------------------------------+-----
Axes           | 3 4 5 6 9 12 13 14 | 14.0
Shields        | 1 2 3 4 5 |  5.7
Evocations     | 4 |  4.3
Armour         | 3 |  3.5
Fighting       | 5 |  5.3
Dodging        | |  2.4

Action                   |  1- 3 |  4- 6 |  7- 9 | 10-12 || total
-------------------------+-------+-------+-------+-------++-------
Melee: Hand axe          |    95 |   254 |   176 |   291 ||   816
       Broad axe         |       |       |   101 |   332 ||   433
       Trident           |       |       |       |    13 ||    13
 Fire: Hunting sling     |       |       |    18 |     4 ||    22
       Hand crossbow     |       |       |       |     3 ||     3
Throw: Stone             |       |     4 |     3 |     5 ||    12
       Dart              |       |     4 |     1 |    14 ||    19
Invok: Berserk           |     2 |     2 |     5 |     8 ||    17
       Trog's Hand       |       |       |     2 |     1 ||     3
       Brothers in Arms  |       |       |     1 |     2 ||     3
Evoke: Wand              |       |       |       |     3 ||     3
  Use: Scroll            |       |     5 |     1 |    11 ||    17
       Potion            |       |       |    11 |     2 ||    13
 Stab: Sleeping          |       |     1 |     1 |       ||     2
  Eat: Chunk             |    10 |    12 |    16 |    34 ||    72
Armor: Ring mail         |    21 |    86 |    52 |       ||   159
       Swamp dragon scal |       |       |    68 |   199 ||   267
       Skin              |       |       |       |    17 ||    17
Dodge: Dodged            |    68 |   116 |   249 |   322 ||   755
Block: Buckler           |     4 |    38 |    54 |    54 ||   150

Table legend:
 A = Non-vault XP
 B = Vault XP
 C = Vault XP percentage of total XP
 D = Non-vault monster count
 E = Vault monster count
 F = Vault count percentage of total count
                 A         B        C        D         E       F
            +---------+---------+-------+---------+---------+-------
      Total |   12638 |    9143 |  42.0 |     259 |      30 |  10.4
            +---------+---------+-------+---------+---------+-------
        D:1 |      59 |       0 |   0.0 |      33 |       0 |   0.0
        D:2 |     128 |       1 |   0.8 |      25 |       1 |   3.8
        D:3 |      50 |      80 |  61.5 |      14 |       1 |   6.7
        D:4 |     147 |       0 |   0.0 |      10 |       0 |   0.0
        D:5 |     320 |     390 |  54.9 |      12 |       2 |  14.3
        D:6 |    1022 |     784 |  43.4 |      27 |       3 |  10.0
        D:7 |    1601 |       0 |   0.0 |      34 |       0 |   0.0
        D:8 |    2274 |    3782 |  62.5 |      22 |       4 |  15.4
        D:9 |    1467 |     497 |  25.3 |      30 |       2 |   6.2
       D:10 |    1961 |       0 |   0.0 |      16 |       0 |   0.0
       D:11 |    3609 |    3609 |  50.0 |      36 |      17 |  32.1
            +---------+---------+-------+---------+---------+-------
